 Dungeon Crawl Stone Soup version 0.30-a0-799-g109b55a442 (webtiles) character file.

Game seed: 12263445954453326840

2 Esekla the Sneak (level 1, -6/16 HPs)
             Began as an Octopode Delver on Feb 21, 2023.
             Was an Initiate of Gozag.
             Mangled by a water moccasin (8 damage)
             ... on level 5 of the Dungeon.
             The game lasted 00:02:26 (238 turns).

Esekla the Sneak (Octopode Delver)                   Turns: 238, Time: 00:02:27

Health: -6/16      AC:  1    Str: 11    XL:     1   Next: 30%
Magic:  1/1        EV: 13    Int: 12    God:    Gozag
Gold:   20         SH:  0    Dex: 13    Spells: 0/0 levels left

rFire   . . .      SeeInvis .    c - +0 long sword
rCold   . . .      Faith    .    (no shield)
rNeg    . . .      Spirit   .    (helmet restricted)
rPois   .          Reflect  .    (no amulet)
rElec   .          Harm     .    (no ring)
rCorr   .          Rampage  .    (no ring)
Will    .....                    (no ring)
Stlth   ++++                     (no ring)
HPRegen 0.22/turn                (no ring)
MPRegen 0.07/turn                (no ring)
                                 (no ring)
                                 (no ring)

@: lethally poisoned (-6 -> -11), hasted, very quick
A: almost no armour, amphibious, 8 rings, camouflage 1, gelatinous body 1,
(nimble swimmer 1), tentacles
a: Renounce Religion, Potion Petition, Call Merchant, Bribe Branch


You were on level 5 of the Dungeon.
You worshipped Gozag.
Gozag was noncommittal.
You visited 2 branches of the dungeon, and saw 2 of its levels.

You collected 32 gold pieces.
You paid 12 gold pieces to Gozag.

Inventory:

Hand Weapons
 c - a +0 long sword (weapon)
Wands
 f - a wand of digging (3)
Scrolls
 b - a scroll of fog
Potions
 a - a potion of brilliance {unknown}
 g - a potion of mutation {unknown}


   Skills:
 + Level 3.0 Fighting
 + Level 2.0 Long Blades
 + Level 2.0 Dodging
 + Level 6.7 Stealth


You couldn't memorise any spells.
You didn't know any spells.
Your spell library was empty.

Dungeon Overview and Level Annotations

Branches:
Dungeon (5/15)             Temple (1/1) D:5

Altars:
Cheibriados
Gozag
Hepliaklqana
Kikubaaqudgha
Okawaru
Sif Muna
Vehumet
Zin
The Shining One


Innate Abilities, Weirdness & Mutations

You cannot wear most types of armour.
You are amphibious.
You can wear up to eight rings at the same time.
Your skin changes colour to match your surroundings (Stealth+).
Your rubbery body absorbs attacks. (AC +1, EV +1)
((You are camouflaged when in or above water. (Stealth+)))
You have tentacles for arms and can constrict up to eight enemies at once.


Message History

(D) Dungeon (T) Temple
Where to? (? - help)
Found a radiant altar of Vehumet.
You enter the shallow water.
Found a snail-covered altar of Cheibriados.
You enter the shallow water.
There is a staircase back to the Dungeon here.
You climb upwards.
The water moccasin hisses angrily.
There is a staircase to the Ecumenical Temple here.
A water moccasin is nearby!
Okay, then.
You feel yourself speed up. The water moccasin barely misses you.
You hit the water moccasin but do no damage.
You grab the water moccasin. Your squeeze misses the water moccasin.
You constrict the water moccasin, but do no damage.
The water moccasin bites you.
You hit the water moccasin but do no damage.
You constrict the water moccasin, but do no damage.
The water moccasin barely misses you. The water moccasin misses you.
You completely miss the water moccasin. You squeeze the water moccasin.
The water moccasin is lightly wounded.
You constrict the water moccasin, but do no damage.
The water moccasin bites you!
You are lethally poisoned!
The water moccasin poisons you!
You hit the water moccasin.
The water moccasin is moderately wounded.
You constrict the water moccasin.
* * * LOW HITPOINT WARNING * * *
You feel sick. The water moccasin closely misses you.
You hit the water moccasin but do no damage.
Your squeeze misses the water moccasin.
The water moccasin is moderately wounded.
You constrict the water moccasin.
* * * LOW HITPOINT WARNING * * *
You feel sick. The water moccasin misses you. The water moccasin bites you!
Ouch! That really hurt!
You die...
Your body crumbles into a pile of gold.

...........,,,,,,,,,,,,,,,,,>,,,,
......!....***,,,....,,*****,****
...........##*,,,...,,,* *,* *
.............####..###** *,* *
...........#.........###****,****
...........#.##...##....,,,,,,,,*
...........#.##...##....,,,,,,,,*
...........#....S.......,,,,,,,,*
...........#....@.......,,,...,,*
...........#.........###***#l#***
..##.#####...##...##.### #.# *
..##.#######.##...##...# #.# *
...#....####...........# #.# *
##.'.......##..........# #.# *
#.#....##.##..........# #.# *
#.#.#...#.##..........# #.# *
#.#.#.#.#.##..........#####.#


You could see a water moccasin.

Vanquished Creatures
  An orc (D:5)
1 creature vanquished.

Notes
Turn   | Place    | Note
-------+----------+-------------------------------------------
     0 | D:5      | Esekla the Octopode Delver began the quest for the Orb.
     0 | D:5      | Reached XP level 1. HP: 16/16 MP: 1/1
    24 | D:5      | Noticed a hound
    47 | D:5      | Noticed an iguana
    71 | D:5      | Noticed a jelly
    84 | D:5      | Noticed a hound
   108 | D:5      | Noticed a hound
   109 | D:5      | Noticed a water moccasin
   183 | D:5      | Found a staircase to the Ecumenical Temple.
   192 | Temple   | Entered the Ecumenical Temple
   216 | Temple   | Became a worshipper of Gozag Ym Sagoz the Greedy
   238 | D:5      | Mangled by a water moccasin

Illustrated notes

Levels and vault maps discovered:
D:5:      layout_basic, minmay_temple_entry_stoned_glass, grunt_ministairs_1,
          uniq_eustachio
Temple:   regret_index_temple_mists

Action                     || total
---------------------------++-------
  Melee: Long sword        ||     6
         Tentacles         ||     2
         Constrict         ||     1
    Use: Scroll            ||     2
         Potion            ||     1
  Dodge: Dodged            ||     5

Table legend: (Time is in decaauts)
 A = Elapsed time spent in this place.
 B = Non-inter-level travel time spent in this place.
 C = Inter-level travel time spent in this place.
 D = Time resting spent in this place.
 E = Time spent auto-exploring this place.
 F = Levels seen in this place.
 G = Mean time per level.
                   A        B        C        D        E       F      G
               +--------+--------+--------+--------+--------+-----+--------+
         Total |    237 |    221 |     16 |      0 |     14 |   2 |  118.5 |
       Dungeon |    197 |    196 |      1 |      0 |      0 |   1 |  197.0 |
        Temple |     39 |     24 |     15 |      0 |     14 |   1 |   39.0 |
               +--------+--------+--------+--------+--------+-----+--------+

Top non-repeatable levels by time:
     D:5: 197 daAuts
  Temple: 39 daAuts
